 Dungeon Crawl Stone Soup version 0.27-a0-1319-geec4fb4e21 (webtiles) character file.

Game seed: 4830638209717878795

217944 flotson the Cleaver (level 18, 143/143 HPs)
             Began as a Demonspawn Delver on June 20, 2021.
             Quit the game on level 2 of the Spider Nest on June 21, 2021.
             The game lasted 01:15:09 (29454 turns).

flotson the Cleaver (Demonspawn Delver)            Turns: 29454, Time: 01:15:10

Health: 143/143    AC: 37    Str: 26    XL:     18   Next: 40%
Magic:  18/18      EV: 14    Int: 12    God:
Gold:   1496       SH: 21    Dex: 23    Spells: 17/17 levels left

rFire    + . .     SeeInvis +   a - +9 broad axe (vorpal)
rCold    . . .     Faith    .   F - +0 tower shield
rNeg     . . .     Spirit   .   i - +9 crystal plate armour
rPois    +         Reflect  .   (helmet unavailable)
rElec    .         Harm     +   L - scarf {harm}
rCorr    +         Rampage  .   q - +2 pair of gloves "Puleroen" {rCorr Dex+8}
Will     +....                  S - +2 pair of boots
Stlth    ..........             r - amulet of regeneration
HPRegen  5.33/turn              t - +4 ring of evasion
MPRegen  0.16/turn              G - ring of Itoickei {Contam rPois Str+6 SInv}

@: no status effects
A: horns 3, ignite blood 1, powered by death 2, sanguine armour 3, corrupting
presence 2, fire resistance 1
}: 1/15 runes: decaying
a: no special abilities


You were on level 2 of the Spider Nest.
You visited 6 branches of the dungeon, and saw 31 of its levels.
You also visited: Bailey.

You collected 3296 gold pieces.
You spent 1800 gold pieces at shops.

Inventory:

Hand Weapons
 a - a +9 vorpal broad axe (weapon)
 b - the +11 hunting sling of the Land of Plenty {freeze, *Slow rPois Str+6 Dex-4}
   (You bought it in a shop on level 2 of the Dungeon)

   It causes projectiles fired from it to freeze those they strike, causing
   extra injury to most foes and up to half again as much damage against
   particularly susceptible opponents.
   They can also slow down cold-blooded creatures.
   It affects your strength (+6).
   It affects your dexterity (-4).
   It protects you from poison.
   It may slow you when you take damage.
Missiles
 d - 6 javelins
 e - 10 atropa-tipped darts
 p - 337 stones
 E - 89 sling bullets
 P - 5 curare-tipped darts (quivered)
Armour
 i - a +9 crystal plate armour (worn)
 q - the +2 pair of gloves "Puleroen" (worn) {rCorr Dex+8}
   (You acquired it on level 5 of the Lair of Beasts)

   It affects your dexterity (+8).
   It protects you from acid and corrosion.
 F - a +0 tower shield (worn)
 L - a scarf of harm (worn)
 S - a +2 pair of boots (worn)
Jewellery
 h - a ring of fire
 r - an amulet of regeneration (around neck)
 t - a +4 ring of evasion (left hand)
 G - the ring of Itoickei (right hand) {Contam rPois Str+6 SInv}
   (You acquired it on level 13 of the Dungeon)

   [ring of strength]

   It affects your strength (+6).
   It protects you from poison.
   It lets you see invisible.
   It causes magical contamination when unequipped.
Wands
 g - a wand of digging (10)
 m - a wand of flame (35)
 y - a wand of charming (14)
 K - a wand of mindburst (16)
 O - a wand of paralysis (19)
 T - a wand of iceblast (36)
 W - a wand of acid (24)
Scrolls
 c - 4 scrolls of fog
 j - a scroll of amnesia
 o - 5 scrolls of vulnerability
 v - 3 scrolls of blinking
 B - 3 scrolls of fear
 D - 18 scrolls of teleportation
 H - 3 scrolls of summoning
 J - a scroll of brand weapon
 M - 2 scrolls of enchant weapon
 R - 7 scrolls of identify
 U - 2 scrolls of holy word
 V - 2 scrolls of immolation
 X - 3 scrolls of magic mapping
 Y - 4 scrolls of silence
Potions
 f - 5 potions of haste
 k - 2 potions of mutation
 l - a potion of invisibility
 n - 7 potions of heal wounds
 s - 3 potions of might
 u - 3 potions of flight
 w - 2 potions of ambrosia
 x - 15 potions of curing
 z - 3 potions of resistance
 A - 4 potions of berserk rage
 C - 4 potions of attraction
 I - 2 potions of cancellation
 N - 3 potions of lignification
Miscellaneous
 Q - a condenser vane


   Skills:
 + Level 13.2 Fighting
 * Level 13.6 Axes
 - Level 12.0 Slings
 + Level 12.0 Armour
 + Level 12.1 Dodging
 - Level 4.5 Stealth
 + Level 13.1 Shields
 - Level 12.0 Evocations


You had 17 spell levels left.
You didn't know any spells.
Your spell library contained the following spells:

 Spells                   Type           Power      Damage    Failure   Level
 Animate Skeleton         Necr           0%         N/A       100%        1
 Apportation              Tloc           0%         N/A       100%        1
 Beastly Appendage        Tmut           0%         N/A       100%        1
 Magic Dart               Conj           0%         1d3       100%        1
 Pain                     Necr           0%         1d4       100%        1
 Corpse Rot               Necr/Air       N/A        N/A       100%        2
 Poisonous Vapours        Pois/Air       0%         N/A       100%        2
 Searing Ray              Conj           0%         3d3       100%        2
 Wereblood                Tmut           0%         N/A       100%        2
 Confusing Touch          Hex            0%         N/A       100%        3
 Conjure Flame            Conj/Fire      0%         6-21      100%        3
 Dazzling Flash           Conj/Hex       0%         N/A       100%        3
 Gell's Gravitas          Tloc           0%         N/A       100%        3
 Lesser Beckoning         Tloc           0%         N/A       100%        3
 Mephitic Cloud           Conj/Pois/Air  0%         N/A       100%        3
 Spider Form              Tmut/Pois      0%         N/A       100%        3
 Stone Arrow              Conj/Erth      0%         3d7       100%        3
 Tukima's Dance           Hex            0%         N/A       100%        3
 Vampiric Draining        Necr           0%         2d6       100%        3
 Animate Dead             Necr           0%         N/A       100%        4
 Fulminant Prism          Conj/Hex       0%         3d6       100%        4
 Ice Form                 Ice/Tmut       0%         N/A       100%        4
 Iskenderun's Mystic Bla  Conj/Tloc      0%         2d3       100%        4
 Petrify                  Tmut/Erth      0%         N/A       100%        4
 Agony                    Necr           0%         N/A       100%        5
 Alistair's Intoxication  Tmut/Pois      0%         N/A       100%        5
 Bolt of Magma            Conj/Fire/Erth 0%         4d4       100%        5
 Freezing Cloud           Conj/Ice/Air   0%         6-21      100%        5
 Iskenderun's Battlesphe  Conj           0%         2d6       100%        5
 Metabolic Englaciation   Hex/Ice        0%         N/A       100%        5
 Summon Forest            Summ/Tloc      0%         N/A       100%        5
 Yara's Violent Unravell  Hex/Tmut       0%         3d3       100%        5
 Eringya's Noxious Bog    Tmut/Pois      0%         N/A       100%        6
 Invisibility             Hex            0%         N/A       100%        6
 Iron Shot                Conj/Erth      0%         9d1       100%        6
 Orb of Destruction       Conj           0%         N/A       100%        7
 Spellforged Servitor     Conj/Summ      0%         N/A       100%        7
 Summon Hydra             Summ           0%         N/A       100%        7


Dungeon Overview and Level Annotations

Branches:
Dungeon (15/15)            Temple (1/1) D:6            Lair (6/6) D:9
  Swamp (4/4) Lair:4       Spider (3/4) Lair:2        Slime (0/5) Lair:5
    Orc (2/2) D:11            Elf (0/3) Orc:2        Vaults (0/5) D:14
 Depths (0/5) D:15         Bailey (visited)

Altars:
Ashenzari
Cheibriados
Elyvilon
Fedhas
Gozag
Hepliaklqana
Makhleb
Nemelex Xobeh
Qazlal
Sif Muna
Trog
Vehumet
Wu Jian
Yredelemnul
Beogh

Shops:
D:2 (   D:13 *:(=?   D:14 **   Orc:2 ***:[

Annotations:
D:12 Kirke


Innate Abilities, Weirdness & Mutations

You have a pair of large horns on your head.
Your demonic aura sometimes causes spilled blood to erupt in flames.
You regenerate health from kills.
When seriously injured, your bleeding wounds create very thick armour. (AC +0)
Your presence sometimes corrodes or deforms those you injure.
Your flesh is heat resistant. (rF+)


Message History

You slice the redback!!
You kill the redback!
Your crystal plate armour prevents you from hitting the jumping spider.
The jumping spider barely misses you. You block the jumping spider's attack.
The jumping spider pounces on you but does no damage.
The jumping spider bites you but does no damage.
You closely miss the jumping spider.
Your headbutt misses the jumping spider.
The jumping spider is moderately wounded.
The jumping spider leaps! x2
Unknown command.
You slice the jumping spider!!
You kill the jumping spider!
The orb spider weaves a glowing orb of energy.
An orb of destruction comes into view.
You block the orb of destruction.
The orb of destruction dissipates.
You see here a stone.
Unknown command.
A boulder beetle comes into view.
Unknown command.
Okay, then.
Unknown command.
(D) Dungeon (T) Temple (L) Lair (S) Swamp (N) Spider Nest (M) Slime Pits (O) Orcish Mines (E) Elven Halls (V) Vaults (U) Depths
Where to? (Enter - Spider:3, ? - help)
Okay, then.
Unknown command.
Search for what [? for help]? goz Unknown command.
The orb spider spins a strand of pure energy.
The orb spider pulsates with a strange energy.
You see here a stone.
There is a stone staircase leading up, spattered with blood here.
You see here a redback corpse.
You climb upwards.
There is a stone staircase leading down here.
Sorry, you're not good enough to have a special ability.
Sorry, you're not good enough to have a special ability.
Are you sure you want to abandon this character and quit the game? (Confirm with "yes".)

.#...####.#..#..#.#.....###≈#
.#...........#######.##.....#
....#....#####.^...####.....#
#.....##.....#......##...#.^#
...###.##......>######..#####
.#.(....#..##......≈#####
.#....##....####..##.#
≈#.#...≈..#....≈#....#
≈#....#####...##@...####
#≈###.....#.#..#..#...≈#
.##≈......#.####..#...##
##.#.#..#........^#####
..^###..##.####.....≈#
....###.......#.#..#≈#
#..###.#.##..##≈≈.####
.#.....####...≈#≈≈# ..#..#.##
#≈#.≈≈###


There were no monsters in sight!

Vanquished Creatures
  the Lernaean hydra (Swamp:4)
  Jorgrun (D:12)
  Rupert (Lair:4)
  Gastronok (D:11)
  A storm dragon (D:14)
  The ghost of porpoise the Severer, a journeyman MiBe of Trog (D:14)
  2 fenstrider witches
  An orc warlord (D:11)
  A stone giant (D:15)
  Nessos (D:14)
  A minotaur (shapeshifter) (D:14)
  2 entropy weavers
  A bunyip (Swamp:2)
  Snorg (D:12)
  4 eleionomae
  4 shambling mangroves
  5 vault guards (D:14)
  2 boulder beetles
  A ghost crab (Swamp:3)
  3 catoblepae
  An ogre mage (D:14)
  6 centaur warriors
  29 hydras
  7 alligators
  2 death knights
  9 two-headed ogres
  8 tengu warriors
  3 death yaks
  Sonja (D:11)
  4 orc high priests (Orc:2)
  9 skeletal warriors
  5 spriggan druids
  5 goliath frogs
  20 swamp dragons
  2 bog bodies
  10 orb spiders
  A wizard (D:14)
  2 deep elf pyromancers
  11 orc knights
  4 cyclopes
  5 orc sorcerers
  18 wolf spiders
  6 manticores
  13 ugly things
  2 will-o-the-wisps
  A moth of wrath (Spider:3)
  9 elephants
  4 black mambas
  2 torpor snails
  4 unseen horrors
  26 cane toads
  2 gargoyles
  3 rime drakes
  3 efreet
  2 freezing wraiths (D:12)
  11 demonic crawlers
  3 tengu conjurers
  11 komodo dragons
  3 yaktaurs
  7 trolls
  28 jumping spiders
  A wind drake (shapeshifter) (D:14)
  A hornet (shapeshifter) (D:14)
  3 bloated husks
  3 polar bears
  20 hornets
  9 tyrant leeches
  2 dream sheep (D:11)
  38 blink frogs
  A wraith (D:12)
  16 spriggans
  24 redbacks
  19 tarantellas
  A vampire (D:12)
  5 hogs
  39 yaks
  4 wyverns
  3 basilisks
  Eustachio (D:4)
  3 steam dragons
  19 vampire mosquitoes
  2 wargs (Orc:2)
  9 swamp worms
  Edmund (D:4)
  9 water moccasins
  8 swamp drakes
  3 ice beasts
  45 orc warriors
  7 black bears
  A black bear (shapeshifter) (D:15)
  A hornet zombie (D:8)
  A necrophage (D:5)
  8 ogres
  9 wolves
  20 centaurs
  5 kobold brigands
  24 bullfrogs
  A wyvern zombie (D:8)
  2 scorpions
  A water moccasin skeleton (D:6)
  4 wights (D:8)
  A howler monkey (D:4)
  4 electric eels
  5 centaur zombies
  A bullfrog zombie (D:6)
  3 jellies
  A bullfrog skeleton (D:5)
  2 centaur skeletons
  3 gnoll shamans
  12 orc priests
  5 hounds
  21 orc wizards
  2 iguanas
  A howler monkey zombie (D:5)
  12 adders
  16 gnolls
  A howler monkey skeleton (D:6)
  A white imp (D:5)
  2 ufetubi
  3 worms
  5 dart slugs
  110 orcs
  5 ball pythons
  4 endoplasms
  4 giant cockroaches
  11 goblins
  4 hobgoblins
  6 jackals
  17 kobolds
  A quokka (D:2)
  7 bats
  3 frilled lizards
  2 rats
985 creatures vanquished.

Vanquished Creatures (collateral kills)
  A hornet (Swamp:1)
  A tyrant leech (Swamp:1)
  A spriggan (Swamp:1)
3 creatures vanquished.

Vanquished Creatures (others)
  An alligator (Swamp:1)
  A goliath frog (Swamp:1)
  An unseen horror (D:11)
  A bloated husk (Swamp:2)
  A vampire mosquito (Swamp:1)
  An orc priest (Orc:2)
  An orc (D:6)
  4 foxfires
  26 fungi
  96 plants
133 creatures vanquished.

Grand Total: 1121 creatures vanquished

Notes
Turn   | Place    | Note
-------+----------+-------------------------------------------
     0 | D:5      | flotson the Demonspawn Delver began the quest for the Orb.
     0 | D:5      | Reached XP level 1. HP: 18/18 MP: 1/1
    27 | D:5      | Gained mutation: Your demonic aura sometimes causes spilled
                  | blood to erupt in flames. [demonic ancestry]
    27 | D:5      | Reached XP level 2. HP: 24/24 MP: 2/2
   140 | D:3      | Reached skill level 1 in Evocations
   140 | D:3      | Gained mutation: When seriously injured, your bleeding
                  | wounds create armour. (AC +0) [demonic ancestry]
   140 | D:3      | Reached XP level 3. HP: 26/29 MP: 3/3
   194 | D:2      | Reached skill level 1 in Armour
  1168 | D:1      | Gained mutation: You regenerate a little health from kills.
                  | [demonic ancestry]
  1168 | D:1      | Reached XP level 4. HP: 35/35 MP: 4/4
  1330 | D:1      | Found a faded altar of an unknown god.
  2005 | D:2      | Found Xinaapo's Antique Weapon Shop.
  2376 | D:3      | Reached XP level 5. HP: 40/42 MP: 5/5
  2943 | D:4      | Reached skill level 1 in Slings
  3223 | D:4      | Noticed Edmund
  3244 | D:4      | Killed Edmund
  3245 | D:4      | Gained mutation: You have a pair of small horns on your
                  | head. [demonic ancestry]
  3245 | D:4      | Reached XP level 6. HP: 21/48 MP: 6/6
  3556 | D:4      | Noticed Eustachio
  3646 | D:4      | Killed Eustachio
  3851 | D:4      | Gained mutation: When seriously injured, your bleeding
                  | wounds create thick armour. (AC +0) [demonic ancestry]
  3851 | D:4      | Reached XP level 7. HP: 48/55 MP: 7/7
  4384 | D:5      | Reached skill level 5 in Fighting
  4384 | D:5      | Gained mutation: You have a pair of horns on your head.
                  | [demonic ancestry]
  4384 | D:5      | Reached XP level 8. HP: 46/62 MP: 8/8
  4813 | D:2      | Bought a polished hunting sling for 143 gold pieces
  4813 | D:2      | Identified the +11 hunting sling of the Land of Plenty
                  | {freeze, *Slow rPois Str+6 Dex-4} (You bought it in a shop
                  | on level 2 of the Dungeon)
  5001 | D:6      | Found a staircase to the Ecumenical Temple.
  5007 | Temple   | Entered the Ecumenical Temple
  5076 | D:6      | Identified the +1 long sword of Eternal Vigilance {freeze,
                  | rC+}
  5118 | D:6      | Noticed a cyclops
  5269 | D:6      | Killed a cyclops
  5270 | D:6      | Gained mutation: You regenerate health from kills. [demonic
                  | ancestry]
  5270 | D:6      | Reached XP level 9. HP: 53/69 MP: 9/9
  5842 | D:7      | Reached skill level 5 in Evocations
  5847 | D:7      | Found a sparkling altar of Nemelex Xobeh.
  5905 | D:7      | Reached skill level 5 in Axes
  5905 | D:7      | Reached skill level 5 in Dodging
  6338 | D:7      | Found an ornate altar of the Wu Jian Council.
  6594 | D:8      | Reached skill level 5 in Armour
  6840 | D:8      | Noticed a two-headed ogre
  6872 | D:8      | Killed a two-headed ogre
  6873 | D:8      | Reached skill level 5 in Slings
  6873 | D:8      | Reached XP level 10. HP: 77/77 MP: 10/10
  7130 | D:8      | Noticed a seven-headed hydra
  7176 | D:8      | Killed a seven-headed hydra
  7177 | D:8      | Reached skill level 1 in Shields
  7850 | D:9      | Noticed an elephant
  7860 | D:9      | Killed an elephant
  7880 | D:9      | Found a staircase to the Lair.
  7927 | D:9      | Noticed a two-headed ogre
  7966 | D:9      | Found a flagged portal.
  8009 | Bailey   | Entered a bailey
  8190 | Bailey   | Noticed an orc knight
  8219 | Bailey   | Killed an orc knight
  8220 | Bailey   | Reached XP level 11. HP: 56/85 MP: 11/11
  8257 | Bailey   | Noticed an orc knight
  8258 | Bailey   | Noticed an orc knight
  8282 | Bailey   | Killed an orc knight
  8288 | Bailey   | Killed an orc knight
  8350 | Bailey   | Noticed an orc knight
  8353 | Bailey   | Noticed an orc knight
  8353 | Bailey   | Noticed an orc knight
  8355 | Bailey   | Killed an orc knight
  8381 | Bailey   | Killed an orc knight
  8392 | Bailey   | Killed an orc knight
  8646 | D:9      | Killed a two-headed ogre
  8647 | D:9      | Reached skill level 5 in Shields
  8665 | D:9      | Identified the +0 pair of gloves of a ziggurat {Contam
                  | rPois Str+2 Dex+3}
  8838 | D:9      | Found a broken altar of Ashenzari.
  8846 | D:9      | Found a burning altar of Makhleb.
  9173 | D:10     | Entered Level 10 of the Dungeon
  9516 | D:10     | Noticed a two-headed ogre
  9531 | D:10     | Killed a two-headed ogre
 10351 | Lair:1   | Entered Level 1 of the Lair of Beasts
 10653 | Lair:1   | Reached XP level 12. HP: 73/94 MP: 12/12
 10756 | Lair:1   | Noticed an eight-headed hydra
 10764 | Lair:1   | Killed an eight-headed hydra
 10873 | Lair:1   | Noticed a seven-headed hydra
 10878 | Lair:1   | Killed a seven-headed hydra
 11025 | Lair:1   | Identified the -3 helmet of Idealism {rElec Str+4 Int+6
                  | Dex-5}
 11136 | Lair:1   | Noticed a six-headed hydra
 11141 | Lair:1   | Killed a six-headed hydra
 11618 | Lair:2   | Reached skill level 10 in Slings
 11618 | Lair:2   | Reached XP level 13. HP: 101/101 MP: 13/13
 11709 | Lair:2   | Found a hole to the Spider Nest.
 13288 | Lair:4   | Found a staircase to the Swamp.
 13623 | Lair:4   | Noticed Rupert
 13637 | Lair:4   | Killed Rupert
 13638 | Lair:4   | Gained mutation: You have a pair of large horns on your
                  | head. [demonic ancestry]
 13638 | Lair:4   | Reached XP level 14. HP: 82/108 MP: 14/14
 13906 | Lair:4   | Identified the +1 glaive "Kodof" {holy, Str+3}
 14183 | Lair:5   | Found a staircase to the Slime Pits.
 14274 | Lair:5   | Identified 2 scrolls of acquirement
 14275 | Lair:5   | Acquired the +2 pair of gloves "Puleroen" {rCorr Dex+8}
 14276 | Lair:5   | Acquired a +1 crystal plate armour
 14929 | Lair:6   | Entered Level 6 of the Lair of Beasts
 15058 | Lair:6   | Reached skill level 10 in Fighting
 15580 | Lair:6   | Identified the +3 helmet "Temaep" {Dex-5 Slay+4 SInv}
 15662 | Lair:6   | Reached skill level 10 in Shields
 15946 | Lair:6   | Reached skill level 10 in Evocations
 16008 | Lair:6   | Gained mutation: When seriously injured, your bleeding
                  | wounds create very thick armour. (AC +0) [demonic ancestry]
 16008 | Lair:6   | Reached XP level 15. HP: 112/117 MP: 15/15
 16866 | D:11     | Found a staircase to the Orcish Mines.
 17342 | D:11     | Gained mutation: Your flesh is heat resistant. (rF+)
                  | [mutagenic glow]
 17412 | D:11     | Noticed Gastronok
 17430 | D:11     | Killed Gastronok
 17449 | D:11     | Noticed Sonja
 17453 | D:11     | Killed Sonja
 18103 | D:12     | Noticed Kirke
 18607 | D:12     | Noticed Snorg
 18613 | D:12     | Killed Snorg
 18634 | D:12     | Noticed Jorgrun
 18646 | D:12     | Killed Jorgrun
 19038 | D:13     | Found Jili's Magic Scroll Shop.
 19068 | D:13     | Bought a scroll of acquirement for 832 gold pieces
 19068 | D:13     | Bought a scroll of blinking for 120 gold pieces
 19068 | D:13     | Bought a scroll of identify for 32 gold pieces
 19068 | D:13     | Bought a scroll of identify for 32 gold pieces
 19073 | D:13     | Acquired the ring of Itoickei {Contam rPois Str+6 SInv}
 19131 | D:13     | Reached skill level 10 in Axes
 19439 | D:13     | Found Sywoen's General Store.
 19442 | D:13     | Bought a scroll of identify for 34 gold pieces
 19625 | D:13     | Reached skill level 10 in Dodging
 19677 | D:13     | Found Qihun's Jewellery Boutique.
 19682 | D:13     | Found Ebir Irch's Antique Weapon Emporium.
 19929 | D:13     | Found Rolos's Book Shop.
 20484 | D:14     | Reached skill level 10 in Armour
 20546 | D:14     | Noticed Nessos
 20555 | D:14     | Killed Nessos
 20651 | D:14     | Found a runed translucent gate.
 20651 | D:14     | Found an opulent altar of Gozag.
 20654 | D:14     | Found a runed translucent gate.
 20654 | D:14     | Found a runed translucent gate.
 20654 | D:14     | Found Webodiar's Assorted Antiques.
 20654 | D:14     | Noticed porpoise's ghost (journeyman MiBe)
 20654 | D:14     | Noticed a storm dragon
 20655 | D:14     | Found Zakluob's Assorted Antiques.
 20887 | D:14     | Gained mutation: Your presence sometimes corrodes those you
                  | injure. [demonic ancestry]
 20887 | D:14     | Reached XP level 16. HP: 87/125 MP: 16/16
 21178 | D:14     | Paralysed by an ogre mage for 3 turns
 21221 | D:14     | Found a gate to the Vaults.
 21332 | D:14     | Noticed a sphinx
 21332 | D:14     | an azure jelly changed into a sphinx
 21336 | D:14     | a sphinx changed into an azure jelly
 21342 | D:14     | Killed a storm dragon
 21367 | D:14     | Killed porpoise's ghost
 21534 | D:14     | Bought a runed scarf for 200 gold pieces
 21647 | Orc:1    | Entered Level 1 of the Orcish Mines
 22035 | Orc:2    | Entered Level 2 of the Orcish Mines
 22035 | Orc:2    | Found a staircase to the Elven Halls.
 22097 | Orc:2    | Found Kedux's Assorted Antiques.
 22105 | Orc:2    | Bought a wand of acid (8) for 280 gold pieces
 22508 | Orc:2    | Found Rougeog's General Store.
 22508 | Orc:2    | Found Meleerol's Armour Shop.
 22528 | Orc:2    | Found Efyfuymn's Book Shop.
 22528 | Orc:2    | Found Udulif's General Store.
 23046 | D:15     | Entered Level 15 of the Dungeon
 23906 | D:15     | Found a staircase to the Depths.
 24171 | Spider:1 | Entered Level 1 of the Spider Nest
 24306 | Spider:1 | Gained mutation: Your presence sometimes corrodes or
                  | deforms those you injure. [demonic ancestry]
 24306 | Spider:1 | Reached XP level 17. HP: 133/133 MP: 17/17
 24897 | D:13     | Bought a scroll of enchant armour for 127 gold pieces
 25166 | Swamp:1  | Entered Level 1 of the Swamp
 26236 | Swamp:2  | Identified the +2 glaive of Frustration {elec, rN+ rCorr
                  | MP-9 SInv}
 26730 | Swamp:2  | Upgraded the game from 0.27-a0-1312-g5cdb2b3542 to
                  | 0.27-a0-1319-geec4fb4e21
 27239 | Swamp:4  | Entered Level 4 of the Swamp
 27404 | Swamp:4  | Paralysed by a fenstrider witch for 2 turns
 27834 | Swamp:4  | Reached XP level 18. HP: 142/142 MP: 18/18
 27874 | Swamp:4  | Noticed the 27-headed Lernaean hydra
 27882 | Swamp:4  | Killed the 27-headed Lernaean hydra
 28000 | Swamp:4  | Got a decaying rune of Zot
 29454 | Spider:2 | Quit the game

Illustrated notes

Levels and vault maps discovered:
D:1:      onia_arrival_pentagram, layout_basic,
          hellmonk_ecumenical_altar_arch_garden
D:2:      kennysheep_big_flooded_room, layout_loops_ring, serial_shops, shop
D:3:      layout_rooms, serial_forest, infiniplex_forest_side_room,
          infiniplex_forest_clump_diagonal, infiniplex_forest_lined_1,
          infiniplex_forest_end_1, infiniplex_forest_lined_ring
D:4:      layout_rooms, nicolae_underground_beach, uniq_eustachio, uniq_edmund
D:5:      layout_loops_ring, portal_sewer_entry_a, minmay_manual_mail
D:6:      minmay_thick_lines, layout_rooms, minmay_temple_entry_gardened_gates
D:7:      layout_loops_ring, nicolae_wu_jian_immortal_techniques,
          overflow_temple_1_default
D:8:      layout_basic, grunt_potential
D:9:      layout_long_grid, minitemple, david_lair_generic, enter_bailey_5,
          kennysheep_generic_room_6
D:10:     layout_layer_cave
D:11:     layout_loops_ring, erik_orc_1, minmay_misc_feat_room, hangedman_ranch,
          uniq_sonja, uniq_gastronok
D:12:     layout_grid_maze, uniq_kirke, uniq_jorgrun, uniq_snorg
D:13:     layout_layer_cave, serial_shops, nicolae_shop_trees, shop,
          nicolae_shop_statue_plus, nicolae_stop_n_shop_1,
          nicolae_shop_behind_doors
D:14:     layout_loops_ring, grunt_vaults_entry_fortified, special_room
          [special_room_orc], chequers_serial_rivers_micro_d,
          ebering_ghost_gozag, nrook_loot_triangle, uniq_nessos
D:15:     grunt_enter_depths_snipers, layout_irregular_city
Temple:   eino_narrow_crystal_temple
Lair:1:   layout_small_grid
Lair:2:   layout_cave_shapes, spider_nest_entry_webs
Lair:3:   layout_loops_ring, hibernation_bobbens, lemuel_fruit_fields,
          infiniplex_staircase_pool_2
Lair:4:   layout_gridlike, palyth_hydra_swamp_entry,
          chequers_serial_rivers_room_b, uniq_rupert
Lair:5:   layout_long_grid, slime_dummy
Lair:6:   minmay_lair_end_frog_pond, layout_small_grid
Swamp:1:  nicolae_swamp_ascending_descending, layout_basic_swamp,
          evilmike_swamp_ruin_house_1
Swamp:2:  layout_falls_marsh, evilmike_swamp_ruin_rubble_2
Swamp:3:  layout_falls_marsh, evilmike_swamp_ruin_rubble_1
Swamp:4:  swamp_old_school, layout_basic_swamp
Spider:1: layout_spider_delve
Spider:2: layout_spider_delve
Spider:3: layout_spider_delve, drop_trap
Orc:1:    layout_caves
Orc:2:    grunt_orc_tribal_feast, layout_caves, serial_shops,
          nicolae_square_shop, lemuel_statue_altar, kennysheep_orc_chapel

Skill      XL: |  1  2  3  4  5  6  7  8  9 10 11 12 13 14 15 16 17 18 |
---------------+-------------------------------------------------------+-----
Axes           | 2 3 4 5 6 7 8 9 10 11 13 | 13.6
Dodging        | 2 3 4 5 6 7 8 9 10 11 12 | 12.1
Evocations     | 1 2 3 4 5 6 7 8 9 10 11 12 | 12.0
Armour         | 1 2 3 4 5 6 7 8 9 10 11 12 | 12.0
Slings         | 1 2 3 5 6 10 11 12 | 12.0
Fighting       | 4 5 6 7 8 9 10 11 12 13 | 13.2
Shields        | 3 6 7 8 10 11 12 13 | 13.1
Stealth        | |  4.5

Action                   |  1- 3 |  4- 6 |  7- 9 | 10-12 | 13-15 | 16-18 || total
-------------------------+-------+-------+-------+-------+-------+-------++-------
Melee: Quarterstaff      |    64 |   184 |   152 |     6 |       |       ||   406
       Headbutt          |       |     7 |    29 |     3 |       |    53 ||    92
       War axe           |       |       |       |     7 |       |       ||     7
       Unarmed           |       |       |       |     1 |       |       ||     1
       Broad axe         |       |       |       |       |       |   180 ||   180
 Fire: Hunting sling     |       |    19 |   109 |   463 |  1394 |  1164 ||  3149
Throw: Throwing net      |       |     1 |     1 |     2 |       |       ||     4
       Dart              |       |       |       |       |     1 |       ||     1
Evoke: Wand              |     4 |     2 |       |     8 |     4 |     1 ||    19
       Condenser vane    |       |       |       |       |     2 |     1 ||     3
  Use: Scroll            |     1 |       |     1 |    14 |    16 |    16 ||    48
       Potion            |       |       |       |     5 |     1 |     1 ||     7
 Stab: Sleeping          |     2 |     4 |     2 |       |       |       ||     8
Armor: Leather armour    |    40 |     9 |       |       |       |       ||    49
       Scale mail        |       |    61 |   100 |     7 |       |       ||   168
       Troll leather arm |       |       |       |    16 |     8 |       ||    24
       Steam dragon scal |       |       |       |     2 |       |       ||     2
       Crystal plate arm |       |       |       |       |   194 |   393 ||   587
Dodge: Dodged            |    75 |   195 |   216 |   101 |   178 |   289 ||  1054
Block: Tower shield      |       |       |       |   160 |   521 |   766 ||  1447

Table legend: (Time is in decaauts)
 A = Elapsed time spent in this place.
 B = Non-inter-level travel time spent in this place.
 C = Inter-level travel time spent in this place.
 D = Time resting spent in this place.
 E = Time spent auto-exploring this place.
 F = Levels seen in this place.
 G = Mean time per level.
                   A        B        C        D        E       F      G
               +--------+--------+--------+--------+--------+-----+--------+
         Total |  29849 |  27256 |   2593 |    129 |  20022 |  32 |  932.8 |
       Dungeon |  16555 |  14954 |   1601 |      0 |  11046 |  15 | 1103.7 |
        Temple |     29 |      7 |     22 |      0 |      7 |   1 |   29.0 |
          Lair |   6705 |   6076 |    629 |    118 |   4579 |   6 | 1117.5 |
         Swamp |   3251 |   3049 |    202 |     11 |   2326 |   4 |  812.8 |
   Spider Nest |   1594 |   1534 |     60 |      0 |   1098 |   3 |  531.3 |
  Orcish Mines |   1276 |   1197 |     79 |      0 |    809 |   2 |  638.0 |
        Bailey |    436 |    436 |      0 |      0 |    157 |   1 |  436.0 |
               +--------+--------+--------+--------+--------+-----+--------+

Top non-repeatable levels by time:
  Lair:6: 1502 daAuts
    D:12: 1365 daAuts
    D:11: 1346 daAuts
  Lair:1: 1331 daAuts
    D:13: 1324 daAuts
  Lair:4: 1315 daAuts
    D:10: 1295 daAuts
    D:14: 1288 daAuts
     D:4: 1275 daAuts
     D:2: 1191 daAuts
     D:8: 1161 daAuts
     D:9: 1126 daAuts
     D:1: 1096 daAuts
  Lair:3: 1060 daAuts
 Swamp:4: 1036 daAuts
